 Dungeon Crawl Stone Soup version 0.30.1-9-gdf580d7c3d (webtiles) character file.

Game seed: 5347896888400756596

2062 Psyclone the Thaumaturge (level 9, -6/45 HPs)
             Began as a Deep Elf Conjurer on Oct 22, 2023.
             Mangled by a human
             ... wielding a +0 long sword
              (14 damage)
             ... on level 7 of the Dungeon.
             The game lasted 00:19:14 (7528 turns).

Psyclone the Thaumaturge (Deep Elf Conjurer)        Turns: 7528, Time: 00:19:14

Health: -6/45      AC:  5    Str:  4    XL:     9   Next: 5%
Magic:  7/25       EV: 12    Int: 34    God:
Gold:   315        SH:  0    Dex: 13    Spells: 10/28 levels left

rFire   + . .        a - staff of conjuration
rCold   . . .        (no shield)
rNeg    . . .        D - +1 robe {Will+}
rPois   .            (no helmet)
rElec   .            (no cloak)
rCorr   .            n - +0 pair of gloves
SInv    .            r - +0 pair of boots
Will    +....        A - amulet of regeneration
Stlth   ++           c - +6 ring of intelligence
HPRegen 1.07/turn    G - ring of wizardry
MPRegen 0.19/turn

%: wizardry (x1)
@: no status effects
A: fire resistance 1, evolution 1
a: no special abilities


You were on level 7 of the Dungeon.
You visited 2 branches of the dungeon, and saw 8 of its levels.
You also visited: Ossuary.

You collected 452 gold pieces.
You spent 137 gold pieces at shops.

Inventory:

Missiles
 j - a throwing net {!f}
Armour
 n - a +0 pair of gloves (worn)
 r - a +0 pair of boots (worn)
 C - a +2 leather armour of cold resistance
 D - a +1 robe of willpower (worn)
Magical Staves
 a - a staff of conjuration (weapon)
 h - a staff of poison
Jewellery
 c - a +6 ring of intelligence (left hand)
 m - a ring of protection from cold
 A - an amulet of regeneration (around neck)
 G - a ring of wizardry (right hand)
Wands
 k - a wand of flame (5)
 y - a wand of roots (20)
Scrolls
 d - 3 scrolls of magic mapping {unknown}
 f - 6 scrolls of immolation {unknown}
 l - a scroll of enchant armour
 u - a scroll of blinking
 v - 4 scrolls of vulnerability {unknown}
 w - 2 scrolls of enchant weapon
 x - a scroll of poison
 B - 3 scrolls of noise {unknown}
 E - a scroll of amnesia
 F - 4 scrolls of summoning {unknown}
Potions
 b - a potion of magic
 g - a potion of cancellation
 i - 2 potions of degeneration {unknown}
 o - 3 potions of brilliance
 p - 3 potions of curing
 q - 3 potions of lignification {unknown}
 s - 3 potions of might {unknown}
 t - 7 potions of heal wounds
 z - 2 potions of mutation


   Skills:
 - Level 2.4 Dodging
 - Level 2.4 Stealth
 - Level 10.4 Spellcasting
 - Level 9.5 Conjurations
 + Level 4.3 Hexes
 + Level 3.5 Translocations


You had 10 spell levels left.
You knew the following spells:

 Your Spells              Type           Power      Damage    Failure   Level
a - Magic Dart            Conj           100%       1d8       1%          1
b - Searing Ray           Conj           100%       2d8       1%          2
d - Fulminant Prism       Conj/Hex       38%        3d18      1%          4
e - Iskenderun's Mystic   Conj/Tloc      75%        2d15      1%          4
g - Orb of Destruction    Conj           44%        9d12      17%         7

Your spell library contained the following spells:

 Spells                   Type           Power      Damage    Failure   Level
 Beastly Appendage        Tmut           34%        N/A       1%          1
 Slow                     Hex            100%       N/A       1%          1
 Summon Small Mammal      Summ           68%        N/A       1%          1
 Wereblood                Tmut           17%        N/A       1%          2
 Confusing Touch          Hex            46%        N/A       1%          3
 Dazzling Flash           Conj/Hex       100%       N/A       1%          3
 Summon Guardian Golem    Hex/Summ       32%        N/A       1%          3
 Iskenderun's Battlesphe  Conj           89%        2d14      1%          5
 Call Canine Familiar     Summ           17%        N/A       3%          3
 Spider Form              Tmut/Pois      17%        N/A       3%          3
 Vampiric Draining        Necr           17%        2d7       3%          3
 Fireball                 Conj/Fire      33%        3d14      4%          5
 Conjure Ball Lightning   Conj/Air       33%        3x3d11    22%         6


Dungeon Overview and Level Annotations

Branches:
Dungeon (7/15) Zot: 26979  Temple (1/1) D:5 Zot: 5854 Ossuary (visited)

Altars:
Cheibriados
Dithmenos
Elyvilon
Fedhas
Gozag
Kikubaaqudgha
Makhleb
Nemelex Xobeh
Okawaru
Qazlal
Ru
Sif Muna
Trog
Vehumet
Wu Jian
Xom
Yredelemnul
The Shining One

Shops:
D:3 (   D:5 (   D:6 [=*[


Innate Abilities, Weirdness & Mutations

Your flesh is heat resistant. (rF+)
You have hidden genetic potential.


Message History

Casting: Searing Ray (safe; 1% risk of failure)
Confirm with . or Enter, or press ? or * to list all spells.
Restarting spell: Searing Ray (safe; 1% risk of failure)
Press: ? - help, Shift-Dir - straight line, f - human
Aim: a human, wielding a +0 long sword and wearing a +0 ring mail (heavily wounded, 79% to hit)
You feel a surge of power!
The searing ray hits the human but does no damage.
The human is heavily wounded. (Press . to maintain the ray.)
The human hits you with a +0 long sword.
You take 6 damage, and have 39/45 hp.
You now have 12/25 mp.
The searing ray misses the human.
The human misses you.
The searing ray hits the human.
The human is severely wounded.
The human hits you with a +0 long sword!
You take 9 damage, and have 31/45 hp.
You now have 11/25 mp.
The searing ray hits the human but does no damage.
The human is severely wounded.
You finish channelling your searing ray.
The human hits you with a +0 long sword!
You take 10 damage, and have 21/45 hp.
MASSIVE DAMAGE!!
You now have 10/25 mp.
Casting: Searing Ray (safe; 1% risk of failure)
Confirm with . or Enter, or press ? or * to list all spells.
Aiming: Searing Ray (safe; 1% risk of failure)
Press: ? - help, Shift-Dir - straight line, f/p - human
Aim: a human, wielding a +0 long sword and wearing a +0 ring mail (severely wounded, 79% to hit)
You feel a surge of power!
The searing ray hits the human.
The human is almost dead. (Press . to maintain the ray.)
The human hits you with a +0 long sword!
* * * LOW HITPOINT WARNING * * *
You take 9 damage, and have 12/45 hp.
You now have 8/25 mp.
The searing ray misses the human.
The human hits you with a +0 long sword.
* * * LOW HITPOINT WARNING * * *
You take 5 damage, and have 7/45 hp.
You now have 7/25 mp.
The searing ray hits the human.
The human is almost dead.
The human hits you with a +0 long sword!
You die...

####### ...#.
.._.. ..... ...
#.... #.# [....
#p# .#
#..###@###..#
#...........#
..##...........#
.......<.....#.#
.............# #
..........##.#
.##............
#....#.....#.#
#....#.....#.#


You could see a human.

Vanquished Creatures
  Sigmund (D:4)
  A human (D:7)
  Eustachio (D:4)
  Menkaure (Ossuary)
  An orc warrior (D:6)
  An ice beast (D:6)
  An ogre (D:4)
  A bullfrog (D:6)
  An elf zombie (Ossuary)
  A centaur zombie (Ossuary)
  4 hounds
  3 jellies
  2 orc priests
  A sleepcap (D:6)
  Terence (D:2)
  7 iguanas
  Natasha (thrice) (D:4)
  3 orc wizards
  4 ogre zombies (Ossuary)
  6 mummies (Ossuary)
  Robin (D:2)
  8 gnolls
  4 adders
  A white imp (D:5)
  3 ufetubi
  A worm zombie (D:6)
  2 adder zombies (Ossuary)
  4 worms
  2 dart slugs
  7 orcs
  6 endoplasms
  3 giant cockroaches
  A gnoll zombie (Ossuary)
  16 goblins
  10 hobgoblins
  2 jackals (D:1)
  3 quokkas
  10 ball pythons
  3 bats
  5 frilled lizards
  6 goblin zombies (Ossuary)
  8 hobgoblin zombies (Ossuary)
  5 kobolds
  2 kobold zombies (Ossuary)
  3 quokka zombies (Ossuary)
  4 rats
  2 rat zombies (Ossuary)
166 creatures vanquished.

Vanquished Creatures (others)
  2 fulminant prisms (Ossuary)
2 creatures vanquished.

Grand Total: 168 creatures vanquished

Notes
Turn   | Place    | Note
-------+----------+-------------------------------------------
     0 | D:1      | Psyclone the Deep Elf Conjurer began the quest for the Orb.
     0 | D:1      | Reached XP level 1. HP: 10/10 MP: 6/6
   240 | D:1      | Reached XP level 2. HP: 15/15 MP: 5/8
  1121 | D:2      | Reached skill level 4 in Spellcasting
  1121 | D:2      | Reached XP level 3. HP: 19/19 MP: 3/10
  1208 | D:2      | Reached skill level 5 in Conjurations
  1403 | D:3      | Learned a level 2 spell: Searing Ray
  1555 | D:2      | Reached XP level 4. HP: 24/24 MP: 2/12
  1694 | D:2      | Noticed Terence
  1702 | D:2      | Killed Terence
  1703 | D:2      | Reached skill level 5 in Spellcasting
  1912 | D:2      | Noticed Robin
  1916 | D:2      | Killed Robin
  1946 | D:2      | Reached XP level 5. HP: 28/28 MP: 3/14
  2801 | D:3      | Found Hojietez's Antique Weapon Boutique.
  3129 | D:3      | Identified the +3 spear "Zigihe" {pain, rN++}
  3194 | D:3      | Reached skill level 6 in Spellcasting
  3685 | D:4      | Noticed an ogre
  3690 | D:4      | Killed an ogre
  3691 | D:4      | Reached XP level 6. HP: 32/32 MP: 9/17
  4001 | D:4      | Noticed Sigmund
  4009 | D:4      | Killed Sigmund
  4010 | D:4      | Reached skill level 7 in Spellcasting
  4010 | D:4      | Reached XP level 7. HP: 36/36 MP: 11/20
  4123 | D:4      | Noticed Natasha
  4128 | D:4      | Killed Natasha
  4394 | D:4      | Noticed Natasha
  4400 | D:4      | Killed Natasha
  4549 | D:4      | Noticed Natasha
  4554 | D:4      | Killed Natasha
  4582 | D:4      | Noticed Eustachio
  4593 | D:4      | Killed Eustachio
  4594 | D:4      | Reached skill level 8 in Spellcasting
  4770 | D:5      | Entered Level 5 of the Dungeon
  4835 | D:5      | Found a staircase to the Ecumenical Temple.
  5370 | D:5      | Reached skill level 9 in Spellcasting
  5373 | D:5      | Reached XP level 8. HP: 41/41 MP: 15/23
  5470 | D:5      | Found Coosehax's Weapon Shop.
  5662 | Temple   | Entered the Ecumenical Temple
  5834 | D:6      | Found Xacruwn's Armour Shop.
  5849 | D:6      | Identified the +3 ring mail "Famnisoe" {-Cast Rampage rElec
                  | Dex+2}
  5851 | D:6      | Found Seibezod's Assorted Antiques.
  5892 | D:6      | Bought a scroll labelled FAAFRU KECYULO for 23 gold pieces
  5900 | D:6      | Found Beibuck's Antique Armour Shoppe.
  5906 | D:6      | Bought an embroidered robe for 114 gold pieces
  5925 | D:6      | Found Usad's Jewellery Shoppe.
  6032 | D:6      | Reached skill level 10 in Spellcasting
  6069 | D:6      | Found a sand-covered staircase.
  6185 | D:6      | Found a radiant altar of Vehumet.
  6344 | Ossuary  | Entered an ossuary
  6426 | Ossuary  | Learned a level 4 spell: Fulminant Prism
  6431 | Ossuary  | Learned a level 4 spell: Iskenderun's Mystic Blast
  6742 | Ossuary  | Reached skill level 1 in Hexes
  6742 | Ossuary  | Reached skill level 1 in Translocations
  7254 | Ossuary  | Noticed Menkaure
  7257 | Ossuary  | Killed Menkaure
  7300 | Ossuary  | Identified a scroll of acquirement
  7324 | Ossuary  | Acquired a book of the Spheres
  7334 | Ossuary  | Learned a level 7 spell: Orb of Destruction
  7358 | Ossuary  | Gained mutation: You passively map a small area around you.
                  | [potion of mutation]
  7358 | Ossuary  | Gained mutation: You are partially covered in iridescent
                  | scales. (AC +2) [potion of mutation]
  7358 | Ossuary  | Gained mutation: You are vulnerable to cold. (rC-) [potion
                  | of mutation]
  7359 | Ossuary  | Lost mutation: You are vulnerable to cold. (rC-) [potion of
                  | mutation]
  7359 | Ossuary  | Lost mutation: You are partially covered in iridescent
                  | scales. (AC +2) [potion of mutation]
  7359 | Ossuary  | Gained mutation: You have hidden genetic defects. [potion
                  | of mutation]
  7359 | Ossuary  | Lost mutation: You have hidden genetic defects. [potion of
                  | mutation]
  7360 | Ossuary  | Lost mutation: You passively map a small area around you.
                  | [potion of mutation]
  7360 | Ossuary  | Gained mutation: Your mind is acute. (Int +4, Str/Dex -1)
                  | [potion of mutation]
  7360 | Ossuary  | Gained mutation: Your magical capacity is low. (-10% MP)
                  | [potion of mutation]
  7361 | Ossuary  | Lost mutation: Your magical capacity is low. (-10% MP)
                  | [potion of mutation]
  7361 | Ossuary  | Lost mutation: Your mind is acute. (Int +4, Str/Dex -1)
                  | [potion of mutation]
  7361 | Ossuary  | Gained mutation: Your flesh is heat resistant. (rF+)
                  | [potion of mutation]
  7361 | Ossuary  | Gained mutation: You have hidden genetic potential. [potion
                  | of mutation]
  7509 | D:7      | Found an iron altar of Okawaru.
  7521 | D:7      | Reached XP level 9. HP: 45/45 MP: 16/25
  7528 | D:7      | Mangled by a human

Illustrated notes

Levels and vault maps discovered:
D:1:      sevenhm_arrival_forest_fort_large_4, layout_loops_ring
D:2:      layout_loops_ring, uniq_robin, uniq_terence
D:3:      layout_loops_cross, serial_shops, nicolae_shop_behind_doors,
          st_stairs_14, bh_walls_and_bars
D:4:      layout_layer_cave, st_stairs_14, uniq_eustachio, uniq_natasha,
          uniq_sigmund
D:5:      layout_loops_ring, minmay_temple_entry_arrows, serial_shops,
          nicolae_shop_tiny_glass
D:6:      layout_cave_pools, mainiacjoe_overflow_alcove_1, enter_ossuary_3,
          serial_shops, nicolae_stop_n_shop_2, shop, shop, nicolae_shop_stone
D:7:      layout_basic, okawaru_humans, hellmonk_ghost_happy_afterlife,
          dreamdust_princess_corridor, grunt_ministairs_15,
          nicolae_fountain_basement, uniq_pikel
Temple:   regret_index_temple_sphere_string

Skill      XL: |  1  2  3  4  5  6  7  8 |
---------------+-------------------------+-----
Spellcasting   | 4 5 6 7 9 10 | 10.4
Conjurations   | 5 6 7 8 9 |  9.5
Hexes          | 4 |  4.3
Translocations | 3 |  3.5
Dodging        | |  2.4
Stealth        | |  2.4

Action                     |  1- 3 |  4- 6 |  7- 9 || total
---------------------------+-------+-------+-------++-------
  Melee: Staff             |       |     3 |    11 ||    14
   Cast: Magic Dart        |    58 |    65 |    20 ||   143
         Searing Ray       |     3 |    21 |    71 ||    95
         Fulminant Prism   |       |       |     2 ||     2
    Use: Potion            |     1 |       |     4 ||     5
         Scroll            |       |       |    10 ||    10
   Stab: Sleeping          |       |       |     1 ||     1
 Armour: Robe              |       |     2 |    21 ||    23
         Leather armour    |       |       |     8 ||     8
  Dodge: Dodged            |     1 |     9 |    41 ||    51
